 Dungeon Crawl Stone Soup version 0.20-a0-16-g0876c8e (webtiles) character file.

408463 tsouns the Devastator (level 24, -1/140 HPs)
             Began as a Kobold Fire Elementalist on Nov 2, 2016.
             Was the Champion of Vehumet.
             Killed from afar by a spark wasp (glowing shapeshifter) (27 damage)
             ... with a living lightning
             ... on level 1 of the Depths on Nov 4, 2016.
             The game lasted 04:29:49 (49653 turns).

tsouns the Devastator (Kobold Fire Elementalist)   Turns: 49653, Time: 04:29:49

Health: -1/140     AC: 12    Str:  4    XL:     24   Next: 58%
Magic:  28/53      EV: 31    Int: 37    God:    Vehumet [******]
Gold:   828        SH:  8    Dex: 20    Spells: 13 memorised, 4 levels left

rFire  . . .     SeeInvis .     M - +8 scimitar of Skirmishing {elec, +Inv rF- Int+3}
rCold  . . .     Gourm    .     f - +2 robe {rF+}
rNeg   + + .     Faith    .     K - +1 buckler "Socwa" {rN++ Str-3 Int+7}
rPois  +         Spirit   .     e - +1 helmet {Int+3}
rElec  .         Reflect  .     O - +0 cloak "Erghuolu" {rPois Slay+6}
rCorr  .         Harm     .     N - +1 pair of gloves
MR     +....                    E - +2 pair of boots {Stlth+}
Stlth  ++++++....               r - amulet of magic regeneration
                                h - ring "Xesaocsa" {EV+5 Dex+3}
                                Z - ring of magical power

@: delayed fireball
A: carnivore 3
a: Renounce Religion, Release Delayed Fireball, Evoke Invisibility
}: 2/15 runes: decaying, serpentine


You were on level 1 of the Depths.
You worshipped Vehumet.
Vehumet was exalted by your worship.
You were very full.

You visited 9 branches of the dungeon, and saw 40 of its levels.

You collected 6555 gold pieces.
You spent 5727 gold pieces at shops.

Inventory:

Hand Weapons
 M - the +8 scimitar of Skirmishing (weapon) {elec, +Inv rF- Int+3}
   (You found it on level 2 of the Lair of Beasts)

   Occasionally, upon striking a foe, it will discharge some electrical energy
   and cause terrible harm.
   It affects your intelligence (+3).
   It makes you vulnerable to fire.
   It lets you turn invisible.
Missiles
 s - 3 throwing nets (quivered)
Armour
 e - a +1 helmet of intelligence (worn)
 f - a +2 robe of fire resistance (worn)
 E - a +2 pair of boots of stealth (worn)
 K - the +1 buckler "Socwa" (worn) {rN++ Str-3 Int+7}
   (You found it on level 5 of the Lair of Beasts)

   It affects your strength (-3).
   It affects your intelligence (+7).
   It greatly protects you from negative energy.
 N - a +1 pair of gloves (worn)
 O - the +0 cloak "Erghuolu" (worn) {rPois Slay+6}
   (You found it on level 13 of the Dungeon)

   It affects your accuracy and damage with ranged weapons and melee attacks
   (+6).
   It protects you from poison.
Jewellery
 h - the ring "Xesaocsa" (right hand) {EV+5 Dex+3}
   (You took it off a deep elf annihilator on level 3 of the Elven Halls)

   [ring of evasion]

   It affects your evasion (+5).
   It affects your dexterity (+3).
 q - an uncursed ring of protection from magic
 r - an amulet of magic regeneration (around neck)
 U - an uncursed ring of see invisible
 Z - a ring of magical power (left hand)
Wands
 a - a wand of acid (6/15)
 b - a wand of lightning (8/15)
 k - a wand of polymorph (10/24)
 x - a wand of digging (8/24)
 y - a wand of confusion (34/48)
 G - a wand of disintegration (10/24)
 L - a wand of iceblast (5/15)
 X - a wand of teleportation (1/9)
Scrolls
 g - 4 scrolls of immolation
 o - 13 scrolls of remove curse
 v - 4 scrolls of fear
 w - 5 scrolls of identify
 C - 3 scrolls of magic mapping
 P - 3 scrolls of blinking
 Q - 8 scrolls of fog
 S - 6 scrolls of recharging
 T - 6 scrolls of teleportation
 W - a scroll of silence
 Y - 3 scrolls of amnesia
Potions
 d - 3 potions of magic
 j - 11 potions of curing
 l - 8 potions of might
 m - 2 potions of cure mutation
 t - 2 potions of cancellation
 u - 7 potions of agility
 z - 4 potions of haste
 A - 4 potions of heal wounds
 B - 7 potions of brilliance
 F - 5 potions of flight
 V - a potion of invisibility
Miscellaneous
 i - 2 phantom mirrors
 n - 2 sacks of spiders
 D - a fan of gales
 I - a phial of floods
 J - a lamp of fire
Comestibles
 c - 24 meat rations
 p - 12 slices of pizza


   Skills:
 - Level 11.3 Fighting
   Level 5.8(9.7) Short Blades
 - Level 7.8(8.2) Long Blades
 - Level 12.2 Dodging
 - Level 12.1 Stealth
 - Level 6.0 Shields
 + Level 17.4 Spellcasting
 * Level 19.5 Conjurations
 - Level 7.5 Summonings
 * Level 17.7 Fire Magic
 - Level 6.5 Earth Magic
 - Level 10.7 Evocations


You had 4 spell levels left.
You knew the following spells:

 Your Spells              Type           Power        Failure   Level  Hunger
a - Flame Tongue          Conj/Fire      #####        0%          1    None
b - Blink                 Tloc           N/A          1%          2    None
c - Conjure Flame         Conj/Fire      ########     0%          3    None
d - Sticky Flame          Conj/Fire      ########     0%          4    None
e - Fireball              Conj/Fire      ########..   0%          5    None
f - Repel Missiles        Chrm/Air       ####..       1%          2    None
g - Spellforged Servitor  Conj/Summ      #######...   1%          7    ##.....
h - Bolt of Magma         Conj/Fire/Erth #######...   1%          5    None
i - Iron Shot             Conj/Erth      #######...   1%          6    None
j - Delayed Fireball      Conj/Fire      N/A          1%          7    ##.....
k - Fire Storm            Conj/Fire      ########..   12%         9    ######.
l - Apportation           Tloc           ####......   1%          1    None
m - Freezing Cloud        Conj/Ice/Air   ######....   4%          6    None


Dungeon Overview and Level Annotations

Branches:
Dungeon (15/15)            Temple (1/1) D:4            Lair (6/6) D:8
  Swamp (4/4) Lair:3        Snake (4/4) Lair:4        Slime (0/5) Lair:6
    Orc (2/2) D:10            Elf (3/3) Orc:2        Vaults (4/5) D:14
  Crypt (0/3) Vaults:2     Depths (1/5) D:15

Altars:
Ashenzari
Cheibriados
Dithmenos
Elyvilon
Fedhas
Gozag
Hepliaklqana
Kikubaaqudgha
Makhleb
Nemelex Xobeh
Okawaru
Qazlal
Ru
Sif Muna
Trog
Uskayaw
Vehumet
Xom
Yredelemnul
Zin
The Shining One
Beogh
Jiyva

Shops:
D:4 ?=:   D:10 %**   D:14 :}(}   D:15 %   Orc:2 :%[}   Elf:1 }   Elf:2 [
Elf:3 ![*   Snake:1 ?(   Vaults:2 *((   Vaults:3 }

Annotations:
Elf:2 3 runed doors


Innate Abilities, Weirdness & Mutations

You are small and have problems with some larger weapons.
You are carnivorous and can eat meat at any time.


Message History

* * * LOW HITPOINT WARNING * * *
You feel much better.
The cyan very ugly thing completely misses you.
The cyan very ugly thing barely misses you.
You riposte.
You slash the cyan very ugly thing!
You kill the cyan very ugly thing!
Vehumet accepts your kill.
You feel your power returning.
Casting: Bolt of Magma
Confirm with . or Enter, or press ? or * to list all spells.
Aiming: Iron Shot
Press: ? - help, Shift-Dir - straight line, f - cyan very ugly thing
Aim: a cyan very ugly thing (severely wounded)
The iron shot hits the cyan very ugly thing.
You kill the cyan very ugly thing!
Vehumet accepts your kill.
A spark wasp comes into view.
The spark wasp bursts into living lightning!
The living lightning hits you!
You die...

≈..##.# ##
....... #.#
##....≈.#
##..##.....≈..
#.≈......?.≈..
#............
#...[.)....
#(.)#......
##†@...#
#.......#
#..[.....#
..[.[....y#
((..[........
#......[.......
#......)).....>
#....).?[≈≈≈≈..


You could see a spark wasp.

Vanquished Creatures
  the Lernaean hydra (Swamp:4)
  Bai Suzhen (Depths:1)
  Saint Roka (Depths:1)
  Vashnia (Snake:4)
  Xtahua (Vaults:3)
  2 liches
  2 deep elf master archers (Elf:3)
  2 deep elf blademasters (Elf:3)
  A sphinx (Vaults:3)
  2 thorn hunters
  Frances (D:12)
  Donald (Snake:2)
  8 nagarajas (Snake:4)
  A fire giant (Vaults:3)
  8 deep elf sorcerers
  A frost giant (Depths:1)
  2 orc warlords (Orc:2)
  9 vault wardens
  Aizul (Snake:3)
  11 ironheart preservers
  2 deep elf elementalists (Elf:3)
  5 very ugly things
  7 stone giants
  A war gargoyle (Vaults:2)
  An entropy weaver (Vaults:4)
  8 deep elf annihilators
  7 deep elf demonologists
  The ghost of Raws the Commander, a journeyman DsFi of Okawaru (Lair:6)
  5 deep elf death magi
  3 fire dragons
  The ghost of Soeti the Covert, a journeyman OpVM of Vehumet (Orc:2)
  21 hydras
  4 great orbs of eyes
  2 ice dragons
  6 yaktaur captains
  18 naga warriors
  2 ghost crabs
  3 rakshasas
  Fannar (Lair:1)
  Erolcha (D:12)
  8 vault guards
  A catoblepas (Lair:5)
  2 death knights
  11 centaur warriors
  10 anacondas
  7 ogre magi
  7 dancing weapons
  Urug (D:13)
  A vampire mage (Depths:1)
  A deep troll shaman (Vaults:4)
  6 alligators
  3 deep troll earth magi
  4 tengu warriors (D:15)
  7 orc high priests (Orc:2)
  11 shock serpents
  10 naga sharpshooters
  15 skeletal warriors
  13 deep elf knights
  3 salamander mystics
  3 unseen horrors
  9 naga ritualists
  A flayed ghost (Vaults:3)
  2 spriggan druids
  3 shambling mangroves (Swamp:2)
  5 deep trolls
  An orange crystal statue (Elf:1)
  A wizard (Vaults:2)
  10 deep elf archers
  12 ironbrand convokers
  8 hill giants
  6 harpies
  A wolf spider zombie (D:12)
  2 obsidian statues (D:15)
  7 swamp dragons
  2 phantasmal warriors
  7 orc knights
  4 wolf spiders
  5 mana vipers
  51 deep elf magi
  An oklob plant (Lair:1)
  An orc sorcerer (Orc:2)
  8 salamanders
  18 elephants
  31 ugly things
  8 cyclopes
  5 manticores
  2 centaur zombies (D:15)
  36 black mambas
  7 vault sentinels
  Maurice (Orc:1)
  8 guardian serpents
  A molten gargoyle (D:13)
  17 spiny frogs
  A gargoyle (D:15)
  15 naga magi
  An efreet (D:14)
  5 komodo dragons
  6 freezing wraiths
  A yaktaur (shapeshifter) (Vaults:1)
  A rime drake (Lair:1)
  27 yaktaurs
  A tengu conjurer (Depths:1)
  2 jumping spiders
  4 trolls
  A wind drake (shapeshifter) (Vaults:2)
  6 polar bears
  17 two-headed ogres
  A yaktaur skeleton (Vaults:2)
  Prince Ribbit (D:7)
  8 bog bodies
  8 dream sheep
  6 hornets
  9 tyrant leeches
  5 blink frogs
  8 hippogriffs
  A raiju (shapeshifter) (Vaults:2)
  22 slime creatures
  A meliai zombie (D:14)
  An air elemental (Elf:2)
  2 ettin skeletons (Vaults:2)
  A spriggan (shapeshifter) (D:15)
  14 spriggans
  A stone giant simulacrum (Vaults:1)
  3 wraiths
  5 redbacks
  3 water elementals
  A shapeshifter (Vaults:4)
  3 fire elementals
  A tarantella (Vaults:3)
  2 wyverns
  36 yaks
  A wyvern (shapeshifter) (Elf:1)
  A human (shapeshifter) (Vaults:1)
  3 shadows
  5 basilisks
  A steam dragon (Lair:3)
  11 vampire mosquitoes
  4 hungry ghosts
  27 swamp worms
  Menkaure (D:7)
  3 mottled dragons
  70 nagas
  10 wargs
  9 insubstantial wisps
  A soldier ant (D:14)
  12 water moccasins
  4 human skeletons (Vaults:2)
  4 porcupines
  3 black bears
  5 ice beasts
  7 swamp drakes
  39 orc warriors
  4 sky beasts
  A sky beast (shapeshifter) (Elf:2)
  An eye of draining (D:12)
  3 phantoms
  2 necrophages
  22 wolves
  38 ogres
  6 boggarts
  27 centaurs
  An elf skeleton (Vaults:2)
  9 crocodiles
  6 big kobolds
  18 bullfrogs
  An earth elemental (Elf:2)
  A deep troll simulacrum (Vaults:1)
  4 scorpions
  A wyvern skeleton (D:11)
  9 killer bees
  12 wights
  2 vampire bats (D:4)
  A howler monkey (D:4)
  2 electric eels
  2 lava snakes (D:13)
  11 crimson imps
  2 bullfrog zombies
  5 hounds
  A quasit (D:6)
  4 jellies
  6 centaur skeletons
  44 orc priests
  2 bullfrog skeletons (D:12)
  26 orc wizards
  9 iguanas
  10 worker ants
  A hound zombie (D:5)
  2 hound skeletons
  A howler monkey skeleton (D:8)
  3 river rats (D:3)
  14 adders
  A shadow imp (D:5)
  An ooze (D:2)
  3 adder skeletons
  3 worms
  3 dart slugs (D:1)
  11 leopard geckos
  119 orcs
  2 ball pythons (D:3)
  3 giant cockroaches (D:3)
  9 goblins
  7 hobgoblins
  14 jackals
  3 quokkas
  A ball python skeleton (D:4)
  16 bats
  5 frilled lizards
  23 kobolds
  A quokka skeleton (D:5)
  6 rats
  4 bushes (Lair:1)
  4 fungi
  A plant (D:7)
1567 creatures vanquished.

Vanquished Creatures (collateral kills)
  A tentacled monstrosity (Swamp:3)
  A thorn hunter (Swamp:3)
  A nagaraja (Snake:4)
  The ghost of Sagrath01 the Phalangite, an adept MfIE of Yredelemnul (Snake:4)
  Louise (Snake:3)
  2 ironheart preservers
  2 very ugly things
  2 vault wardens (Vaults:2)
  An entropy weaver (Vaults:3)
  A stone giant (Depths:1)
  2 deep elf annihilators (Elf:3)
  3 hydras (Swamp:4)
  2 dancing weapons (Elf:1)
  An anaconda (Snake:3)
  3 alligators
  5 naga sharpshooters
  A shock serpent (Snake:3)
  2 deep elf knights
  3 skeletal warriors
  2 deep trolls (Vaults:2)
  An ironbrand convoker (Vaults:4)
  A naga ritualist (Snake:4)
  5 swamp dragons (Swamp:4)
  A phantasmal warrior (Vaults:2)
  2 ugly things (Vaults:2)
  4 deep elf magi
  3 salamanders
  A vault sentinel (Vaults:4)
  A centaur skeleton (D:14)
  2 naga magi
  A freezing wraith (Vaults:4)
  2 yaktaurs
  A hornet (Lair:6)
  6 bog bodies
  2 slime creatures (Depths:1)
  A wraith (Vaults:4)
  4 vampire mosquitoes (Swamp:4)
  A swamp worm (Swamp:3)
  7 nagas
  2 insubstantial wisps (Swamp:4)
  An orc warrior (Vaults:2)
  2 swamp drakes (Swamp:4)
  3 wolves (Lair:6)
  An orc (Depths:1)
92 creatures vanquished.

Vanquished Creatures (others)
  A water elemental (Elf:1)
  A mottled dragon (Vaults:1)
  An orc (D:7)
  3 briar patches (Swamp:3)
  17 fire vortices
  19 fungi
  5 plants
47 creatures vanquished.

Grand Total: 1706 creatures vanquished

Notes
Turn   | Place    | Note
-------+----------+-------------------------------------------
     0 | D:1      | tsouns the Kobold Fire Elementalist began the quest for the Orb.
     0 | D:1      | Reached XP level 1. HP: 10/10 MP: 3/3
   423 | D:1      | Reached XP level 2. HP: 15/15 MP: 3/5
   427 | D:1      | Learned a level 2 spell: Throw Flame
   598 | D:1      | Found an iron altar of Okawaru.
   744 | D:1      | Reached XP level 3. HP: 19/19 MP: 3/6
  1324 | D:2      | Reached XP level 4. HP: 24/24 MP: 6/8
  1639 | D:2      | Reached skill level 2 in Conjurations
  1956 | D:2      | Learned a level 3 spell: Conjure Flame
  2020 | D:3      | Found a glowing drain.
  2037 | D:3      | Reached XP level 5. HP: 28/28 MP: 5/10
  2767 | D:3      | Reached skill level 3 in Conjurations
  3068 | D:4      | Reached XP level 6. HP: 32/32 MP: 3/11
  3259 | D:4      | Found Kion's Book Boutique.
  3508 | D:4      | Found Japse's Magic Scroll Shoppe.
  3516 | D:4      | Bought a scroll of identify for 26 gold pieces
  3516 | D:4      | Bought a scroll of identify for 26 gold pieces
  3516 | D:4      | Bought a scroll of enchant armour for 97 gold pieces
  3522 | D:4      | Found Ciarusti's Jewellery Shop.
  3563 | D:4      | Found a staircase to the Ecumenical Temple.
  3664 | Temple   | Entered the Ecumenical Temple
  3686 | Temple   | Became a worshipper of Vehumet
  4010 | D:4      | Reached skill level 5 in Fire Magic
  4010 | D:4      | Reached XP level 7. HP: 36/36 MP: 9/13
  4294 | D:4      | Reached skill level 4 in Conjurations
  4674 | D:4      | Reached skill level 5 in Spellcasting
  4680 | D:4      | Learned a level 4 spell: Sticky Flame
  4686 | D:4      | Learned a level 5 spell: Fireball
  4694 | D:4      | Reached * piety under Vehumet
  4694 | D:4      | Offered knowledge of Freeze by Vehumet.
  4707 | D:4      | Reached XP level 8. HP: 24/41 MP: 6/15
  4837 | D:5      | Entered Level 5 of the Dungeon
  4849 | D:5      | Found a sacrificial altar of Ru.
  4962 | D:5      | Learned a level 2 spell: Repel Missiles
  5158 | D:5      | Reached skill level 5 in Conjurations
  5288 | D:5      | Got a brightly glowing lead amulet
  5293 | D:5      | Reached skill level 5 in Fighting
  5293 | D:5      | Reached skill level 7 in Conjurations
  5293 | D:5      | Reached XP level 9. HP: 55/55 MP: 15/21
  5422 | D:5      | Identified the amulet "Ynouh" {Inacc rN++ Str+5} (You found it on level 5 of the Dungeon)
  5530 | D:5      | Found an opulent altar of Gozag.
  5724 | D:6      | Reached skill level 1 in Short Blades
  5762 | D:6      | Offered knowledge of Searing Ray by Vehumet.
  5780 | D:6      | Reached ** piety under Vehumet
  6461 | D:7      | Noticed Prince Ribbit
  6481 | D:7      | Reached XP level 10. HP: 59/60 MP: 16/22
  6485 | D:7      | Killed Prince Ribbit
  6543 | D:7      | Reached skill level 8 in Conjurations
  6611 | D:7      | Noticed Menkaure
  6617 | D:7      | Killed Menkaure
  6760 | D:7      | Offered knowledge of Dazzling Spray by Vehumet.
  6933 | D:7      | Reached skill level 1 in Shields
  7034 | D:8      | Noticed a hill giant
  7210 | D:8      | Reached *** piety under Vehumet
  7299 | D:8      | Found a staircase to the Lair.
  7443 | D:8      | Noticed a three-headed hydra
  7450 | D:8      | Reached skill level 5 in Short Blades
  7458 | D:8      | Killed a three-headed hydra
  7458 | D:8      | Reached XP level 11. HP: 22/64 MP: 14/23
  7732 | D:8      | Killed a hill giant
  7737 | D:8      | Got a twisted leather armour
  7751 | D:8      | Identified the cursed +0 leather armour of Gozag's Generosity {+Blink rC+ MP-9 Str+4} (You took it off an orc wizard on level 8 of the Dungeon)
  8145 | Lair:1   | Entered Level 1 of the Lair of Beasts
  8262 | Lair:1   | Noticed Fannar
  8338 | Lair:1   | Noticed an oklob plant
  8349 | Lair:1   | Killed an oklob plant
  8858 | Lair:2   | Reached skill level 1 in Evocations
  8875 | Lair:1   | Killed Fannar
  8875 | Lair:1   | Reached skill level 5 in Stealth
  9083 | Lair:2   | Offered knowledge of Mephitic Cloud by Vehumet.
  9088 | Lair:2   | Learned a level 3 spell: Mephitic Cloud
  9118 | Lair:2   | Found a shimmering altar of Xom.
  9183 | Lair:2   | Got an ivory scimitar
  9184 | Lair:2   | Identified the +8 scimitar of Skirmishing {elec, +Inv rF- Int+3} (You found it on level 2 of the Lair of Beasts)
  9895 | Lair:3   | Noticed a five-headed hydra
  9916 | Lair:2   | Killed a five-headed hydra
  9916 | Lair:2   | Reached skill level 5 in Evocations
 10084 | Lair:3   | Reached XP level 12. HP: 71/71 MP: 15/24
 10508 | Lair:3   | Reached **** piety under Vehumet
 10509 | Lair:3   | Reached skill level 10 in Stealth
 10510 | Lair:3   | Offered knowledge of Iskenderun's Mystic Blast by Vehumet.
 10520 | Lair:3   | Learned a level 4 spell: Iskenderun's Mystic Blast
 10825 | Lair:3   | Found a staircase to the Swamp.
 12133 | Lair:4   | Found a staircase to the Snake Pit.
 12150 | Lair:4   | Identified a scroll of acquirement
 12556 | Lair:4   | Reached XP level 13. HP: 54/76 MP: 2/26
 12739 | Lair:5   | Noticed a four-headed hydra
 12755 | Lair:5   | Killed a four-headed hydra
 12984 | Lair:5   | Reached skill level 9 in Conjurations
 13414 | Lair:5   | Noticed a catoblepas
 13441 | Lair:5   | Noticed a seven-headed hydra
 13448 | Lair:5   | Noticed a five-headed hydra
 13456 | Lair:5   | Killed a seven-headed hydra
 13476 | Lair:5   | Killed a catoblepas
 13480 | Lair:5   | Killed a five-headed hydra
 13950 | Lair:5   | Got a scorched buckler
 13961 | Lair:5   | Identified the +1 buckler "Socwa" {rN++ Str-3 Int+7} (You found it on level 5 of the Lair of Beasts)
 14381 | Lair:6   | Entered Level 6 of the Lair of Beasts
 14515 | Lair:6   | Reached ***** piety under Vehumet
 14532 | Lair:6   | Noticed Raws's ghost (journeyman DsFi)
 14542 | Lair:6   | Upgraded the game from 0.20-a0-11-ga97c7b5 to 0.20-a0-16-g0876c8e
 14688 | Lair:6   | Offered knowledge of Iron Shot by Vehumet.
 14688 | Lair:6   | Reached skill level 10 in Fire Magic
 14696 | Lair:6   | Learned a level 6 spell: Iron Shot
 14760 | Lair:6   | Found a viscous altar of Jiyva.
 14761 | Lair:6   | Found a staircase to the Slime Pits.
 14862 | Lair:6   | Killed Raws's ghost
 14862 | Lair:6   | Reached skill level 10 in Spellcasting
 14862 | Lair:6   | Reached skill level 1 in Earth Magic
 15044 | Lair:6   | Reached XP level 14. HP: 70/84 MP: 4/28
 15524 | Lair:6   | Reached skill level 10 in Conjurations
 15821 | Lair:6   | Reached skill level 10 in Dodging
 16819 | D:9      | Found a burning altar of Makhleb.
 16965 | D:9      | You fall through a shaft!
 16965 | D:10     | Entered Level 10 of the Dungeon
 17036 | D:9      | Found a shadowy altar of Dithmenos.
 17040 | D:9      | Found a hide-covered altar of Uskayaw.
 17053 | D:9      | Found a snail-covered altar of Cheibriados.
 17083 | D:9      | Offered knowledge of Spellforged Servitor by Vehumet.
 17319 | D:10     | Found a staircase to the Orcish Mines.
 17337 | D:10     | Found Daonenaj's General Store.
 17346 | D:10     | Bought a scroll of identify for 30 gold pieces
 17346 | D:10     | Bought a potion of curing for 45 gold pieces
 17360 | D:10     | Found Puxeb's General Store.
 17363 | D:10     | Bought 2 potions of curing for 66 gold pieces
 17363 | D:10     | Bought a potion of might for 44 gold pieces
 17422 | D:10     | You fall through a shaft!
 17714 | D:11     | Learned a level 7 spell: Spellforged Servitor
 17764 | D:11     | Learned a level 2 spell: Blink
 17831 | D:11     | Reached skill level 5 in Earth Magic
 17924 | D:10     | Found Quoz's Food Emporium.
 18258 | D:11     | Found a white marble altar of Elyvilon.
 18467 | Orc:1    | Entered Level 1 of the Orcish Mines
 18568 | Orc:1    | Noticed Maurice
 18572 | Orc:1    | Killed Maurice
 18769 | Orc:2    | Entered Level 2 of the Orcish Mines
 18787 | Orc:2    | Noticed an orc warlord
 18959 | Orc:2    | Killed an orc warlord
 18959 | Orc:2    | Reached skill level 1 in Summonings
 19533 | Orc:2    | Offered knowledge of Bolt of Magma by Vehumet.
 19596 | Orc:2    | Found a roughly hewn altar of Beogh.
 19662 | Orc:2    | Found a staircase to the Elven Halls.
 19737 | Orc:2    | Reached XP level 15. HP: 66/90 MP: 29/30
 19740 | Orc:2    | Noticed an orc warlord
 20074 | Orc:2    | Found Pifen's Book Emporium.
 20074 | Orc:2    | Found Refyt's Food Shop.
 20112 | Orc:2    | Noticed Soeti's ghost (journeyman OpVM)
 20136 | Orc:2    | Killed Soeti's ghost
 20142 | Orc:2    | Killed an orc warlord
 20142 | Orc:2    | Reached skill level 11 in Conjurations
 20381 | Orc:2    | Found Sihum's Antique Armour Emporium.
 20381 | Orc:2    | Found Vexod's Gadget Shop.
 20386 | Orc:2    | Bought a runed helmet for 283 gold pieces
 20406 | Orc:2    | Bought a fan of gales for 680 gold pieces
 20802 | Orc:1    | Found a roughly hewn altar of Beogh.
 21052 | D:4      | Bought the amulet of Hoerukk {Reflect rElec SH+4} for 429 gold pieces
 21059 | D:4      | Learned a level 5 spell: Bolt of Magma
 21241 | D:12     | Offered knowledge of Conjure Ball Lightning by Vehumet.
 21247 | D:12     | Noticed Erolcha
 21249 | D:12     | Noticed Frances
 21834 | D:12     | Killed Erolcha
 21848 | D:12     | Killed Frances
 21848 | D:12     | Reached skill level 1 in Long Blades
 22352 | D:13     | Noticed Urug
 22362 | D:13     | Killed Urug
 22362 | D:13     | Reached skill level 5 in Summonings
 22797 | D:13     | Got a scorched cloak
 22819 | D:12     | Identified the +0 cloak "Erghuolu" {rPois Slay+6} (You found it on level 13 of the Dungeon)
 23072 | D:13     | Reached ****** piety under Vehumet
 23153 | D:13     | Offered knowledge of Bolt of Fire by Vehumet.
 23629 | D:14     | Found Hoedgh's Gadget Shop.
 23632 | D:14     | Bought a sack of spiders for 360 gold pieces
 23812 | D:14     | Found Vittabu's Book Emporium.
 23891 | D:14     | Reached XP level 16. HP: 81/96 MP: 30/32
 23914 | D:14     | Reached skill level 12 in Conjurations
 24009 | D:14     | Found a gate to the Vaults.
 24184 | D:14     | Found Habixomo's Gadget Emporium.
 24224 | D:14     | Found Bucuoh's Weapon Boutique.
 24427 | D:15     | Entered Level 15 of the Dungeon
 24852 | D:15     | Offered knowledge of Orb of Destruction by Vehumet.
 25400 | D:15     | Found Nyrhep's Food Shoppe.
 25991 | D:15     | Found a staircase to the Depths.
 26498 | Snake:1  | Entered Level 1 of the Snake Pit
 26514 | Snake:1  | Gained mutation: Your muscles are strong. (Str +2) [potion of beneficial mutation]
 26553 | Snake:1  | Reached skill level 5 in Long Blades
 26678 | Snake:1  | Found Kedolis's Weapon Boutique.
 26678 | Snake:1  | Found Zapailys's Magic Scroll Shop.
 26700 | Snake:1  | Bought a scroll of teleportation for 42 gold pieces
 26700 | Snake:1  | Bought a scroll of magic mapping for 49 gold pieces
 27330 | Snake:2  | Reached XP level 17. HP: 101/101 MP: 33/33
 28019 | Snake:2  | Noticed Donald
 28025 | Snake:2  | Killed Donald
 28345 | Snake:3  | Offered knowledge of Delayed Fireball by Vehumet.
 28350 | Snake:3  | Reached skill level 10 in Fighting
 28431 | Snake:2  | Learned a level 7 spell: Delayed Fireball
 28491 | Snake:3  | Noticed Aizul
 28499 | Snake:3  | Killed Aizul
 28722 | Snake:2  | HP: 4/102 [black mamba (13)]
 28723 | Snake:2  | Reached skill level 13 in Conjurations
 29306 | Snake:3  | Noticed Louise
 29328 | Snake:3  | Killed Louise
 29398 | Snake:3  | Reached skill level 5 in Shields
 29399 | Snake:3  | Reached skill level 10 in Evocations
 29484 | Snake:3  | Noticed Mara
 29486 | Snake:3  | Noticed tsouns's illusion
 29611 | Swamp:1  | Entered Level 1 of the Swamp
 30233 | Swamp:2  | Noticed a thorn hunter
 30237 | Swamp:2  | Killed a thorn hunter
 31406 | Swamp:3  | Gained mutation: You are surrounded by a mild repulsion field. (EV +2) [potion of mutation]
 31406 | Swamp:3  | Gained mutation: Your magical capacity is low. (-10% MP) [potion of mutation]
 31406 | Swamp:3  | Gained mutation: You have sharp toenails. [potion of mutation]
 31653 | Swamp:3  | Reached XP level 18. HP: 108/108 MP: 29/31
 31713 | Swamp:3  | Found a runed door.
 31713 | Swamp:3  | Noticed a tentacled monstrosity
 31742 | Swamp:3  | Killed a tentacled monstrosity
 32300 | Swamp:3  | Gained mutation: You are partially covered in slimy green scales. (AC +2) [potion of mutation]
 32300 | Swamp:3  | Gained mutation: You are robust. (+10% HP) [potion of mutation]
 32300 | Swamp:3  | Lost mutation: You are partially covered in slimy green scales. (AC +2) [potion of mutation]
 32411 | Swamp:4  | Entered Level 4 of the Swamp
 33248 | Swamp:4  | Noticed the 27-headed Lernaean hydra
 33681 | Swamp:4  | Killed the 27-headed Lernaean hydra
 33681 | Swamp:4  | Reached skill level 14 in Conjurations
 33689 | Swamp:4  | Got a decaying rune of Zot
 34005 | Snake:4  | Entered Level 4 of the Snake Pit
 34148 | Snake:4  | Noticed Sagrath01's ghost (adept MfIE)
 34656 | Snake:4  | Reached XP level 19. HP: 44/124 MP: 21/33
 35294 | Elf:1    | Entered Level 1 of the Elven Halls
 35432 | Elf:1    | Found Ipu Ixodgh's Gadget Shop.
 35444 | Elf:1    | Bought a lamp of fire for 760 gold pieces
 35793 | Elf:1    | Identified the Incunabulum of Creative Conjuration
 35847 | Elf:1    | Found an ancient bone altar of Kikubaaqudgha.
 35932 | Elf:1    | Offered knowledge of Lehudib's Crystal Spear by Vehumet.
 35932 | Elf:1    | Offered knowledge of Fire Storm by Vehumet.
 35932 | Elf:1    | Offered knowledge of Shatter by Vehumet.
 36112 | Elf:1    | Learned a level 9 spell: Fire Storm
 36471 | Elf:2    | Found Tush's Antique Armour Shoppe.
 36554 | Elf:2    | Gained mutation: Your body sometimes deteriorates upon taking damage. [potion of mutation]
 36554 | Elf:2    | Lost mutation: You are robust. (+10% HP) [potion of mutation]
 36554 | Elf:2    | Gained mutation: Your muscles are very strong. (Str +4) [potion of mutation]
 36555 | Elf:2    | Lost mutation: Your muscles are very strong. (Str +4) [potion of cure mutation]
 36555 | Elf:2    | Lost mutation: Your magical capacity is low. (-10% MP) [potion of cure mutation]
 36555 | Elf:2    | Lost mutation: Your body sometimes deteriorates upon taking damage. [potion of cure mutation]
 36555 | Elf:2    | Lost mutation: You are surrounded by a mild repulsion field. (EV +2) [potion of cure mutation]
 36555 | Elf:2    | Lost mutation: Your muscles are strong. (Str +2) [potion of cure mutation]
 36555 | Elf:2    | Lost mutation: You have sharp toenails. [potion of cure mutation]
 36571 | Elf:2    | Identified a -3 rod of clouds (11/11) (You found it on level 2 of the Elven Halls)
 36587 | Elf:2    | Got a faintly glowing ring mail
 36588 | Elf:2    | Identified the +5 ring mail of Existentialism {rElec Dex+2} (You found it on level 2 of the Elven Halls)
 36598 | Elf:2    | Found a runed gate.
 36602 | Elf:2    | Found a runed gate.
 36603 | Elf:2    | Found a runed gate.
 37050 | Vaults:1 | Entered Level 1 of the Vaults
 37621 | Vaults:1 | Reached skill level 15 in Conjurations
 37756 | Vaults:1 | Reached skill level 15 in Spellcasting
 38242 | Vaults:1 | Reached XP level 20. HP: 107/119 MP: 30/39
 39558 | Vaults:2 | Found Gozag's Assorted Antiques.
 39673 | Vaults:2 | Found an opulent altar of Gozag.
 39673 | Vaults:2 | Found Gozag's Antique Weapon Emporium.
 39678 | Vaults:2 | Found Gozag's Antique Weapon Emporium.
 39706 | Vaults:2 | Reached skill level 16 in Conjurations
 39828 | Vaults:2 | Bought an ichor-stained dagger for 700 gold pieces
 39828 | Vaults:2 | Identified the cursed +2 dagger "Gonamedio" {freeze, rElec rPois MR-} (You bought it in a shop on level 2 of the Vaults)
 39840 | Vaults:2 | Bought a potion of curing for 300 gold pieces
 39840 | Vaults:2 | Bought a potion of heal wounds for 500 gold pieces
 39961 | Vaults:2 | Got a coiled pewter ring
 39965 | Vaults:2 | Identified the ring of Sepladd {*Slow rPois rF- rC+ Str+6} (You found it on level 2 of the Vaults)
 39980 | Vaults:2 | Noticed a Hell Sentinel
 40352 | Vaults:2 | Learned a level 1 spell: Apportation
 40623 | Vaults:2 | Reached XP level 21. HP: 124/124 MP: 40/40
 40911 | Vaults:2 | Found a staircase to the Crypt.
 41452 | Vaults:3 | Noticed Xtahua
 41478 | Vaults:3 | Paralysed by Xtahua for 5 turns
 41924 | Vaults:3 | Reached skill level 17 in Conjurations
 42092 | Vaults:3 | Noticed a lich
 42093 | Vaults:3 | Killed a lich
 42274 | Vaults:3 | Reached skill level 15 in Fire Magic
 42672 | Vaults:3 | Killed Xtahua
 42776 | Vaults:3 | Found Kok Elui's Gadget Shoppe.
 42784 | Vaults:3 | Bought a sack of spiders for 280 gold pieces
 42784 | Vaults:3 | Bought a phantom mirror for 420 gold pieces
 42784 | Vaults:3 | Bought a phantom mirror for 420 gold pieces
 43867 | Vaults:4 | Reached XP level 22. HP: 117/128 MP: 42/42
 44729 | Snake:4  | Killed Sagrath01's ghost
 44987 | Snake:4  | Reached skill level 18 in Conjurations
 45540 | Snake:4  | Noticed Vashnia
 45550 | Snake:4  | Killed Vashnia
 46401 | Snake:4  | Got a serpentine rune of Zot
 47292 | Elf:3    | Entered Level 3 of the Elven Halls
 47292 | Elf:3    | Found Nooblos's General Store.
 47335 | Elf:3    | Found Tese's Antique Armour Emporium.
 47336 | Elf:3    | Found Nutiarak's Distillery.
 47355 | Elf:3    | Bought a potion of heal wounds for 85 gold pieces
 47355 | Elf:3    | Bought a potion of heal wounds for 85 gold pieces
 47517 | Elf:3    | Reached XP level 23. HP: 103/133 MP: 44/44
 48033 | Elf:3    | Reached skill level 19 in Conjurations
 48110 | Elf:3    | Got a bound wooden ring
 48112 | Elf:3    | Identified the ring "Xesaocsa" {EV+5 Dex+3} (You took it off a deep elf annihilator on level 3 of the Elven Halls)
 48150 | Elf:3    | Identified Soiph's Tome of the Unstoppable Beds
 48205 | Elf:3    | Identified Nackit's Reference Book on Entrancing Shape Shifting
 48468 | Elf:3    | Reached XP level 24. HP: 140/140 MP: 44/44
 48507 | Elf:3    | Got a pair of spiked boots
 48518 | Elf:3    | Identified the +2 pair of boots of Qazlal's Regard {rC- MR+ Stlth+} (You found it on level 3 of the Elven Halls)
 48955 | Depths:1 | Entered Level 1 of the Depths
 48955 | Depths:1 | Noticed Bai Suzhen
 48963 | Depths:1 | Killed Bai Suzhen
 49244 | D:15     | Identified Menaeh's Guide on Icy Protection
 49253 | D:15     | Learned a level 6 spell: Freezing Cloud
 49348 | Depths:1 | Noticed Saint Roka
 49356 | Depths:1 | Killed Saint Roka
 49653 | Depths:1 | Killed from afar by a spark wasp (glowing shapeshifter)

Vault maps used:
D:1:      lightli_arrival_statuegarden, serial_bayou, serial_bayou_pond_a,
          serial_bayou_pond_a, serial_bayou_pond_e, serial_bayou_ford_a,
          st_stairs_4, minmay_hexomino_r4
D:2:      first_bread
D:3:      portal_sewer_entry_b, st_stairs_1
D:4:      serial_shops, shop, shop_fountains, shop,
          minmay_guarded_unrand_vampires_tooth
D:5:      lemuel_coloured_pillars_altar, nicolae_overflow_crystal_walls,
          minmay_joined_circles
D:7:      serial_bayou_lagoon_a, uniq_menkaure, uniq_prince_ribbit1
D:8:      lair_0_dummy, hangedman_ranch
D:9:      nicolae_overflow_hidden_temple, minmay_overflow_temple_star_quad
D:10:     orc_0_dummy, serial_shops, kennysheep_mini, shop, shop_fountains
D:11:     elyvilon_altar_4
D:12:     uniq_frances, uniq_erolcha
D:13:     minmay_bloctagon_deflated, kennysheep_boxes, uniq_urug
D:14:     hangedman_vaults_entry_quadrant_bands, serial_shops,
          kennysheep_mini_moat, nicolae_shop_statue_plus, shop, shop_fountains
D:15:     grunt_enter_depths_snipers, serial_shops,
          nicolae_shop_temple_entry_statues_fountains, david_greed
Temple:   regret_index_temple_waves
Lair:1:   minmay_lair_oklob_bushes, serial_bayou_shore_a, lemuel_fruit_tree,
          infiniplex_staircase_pool_2, uniq_fannar
Lair:2:   basic_altar
Lair:3:   nicolae_swamp_entry_splash_gauntlet
Lair:4:   guppyfry_snake_entry_garden, grunt_megastairs_1,
          infiniplex_staircase_pool, lemuel_fruit_fields
Lair:6:   minmay_lair_end_enchanted_forest, slime_altar_1
Swamp:1:  evilmike_swamp_ruin_rubble_2
Swamp:2:  hangedman_swamp_cone
Swamp:3:  cheibrodos_swamp_sealed, evilmike_swamp_ruin_house_4
Swamp:4:  grunt_swamp_rune_castle
Snake:1:  grunt_ministairs_1, minmay_shoptagon
Snake:2:  uniq_donald
Snake:3:  nicolae_large_snake_swirl, uniq_louise, uniq_aizul, uniq_mara
Snake:4:  johnstein_snake_rune_scales, grunt_megastairs_2
Orc:1:    basic_altar, uniq_maurice
Orc:2:    st_orc_town
Elf:1:    eino_elf_arrival_customs, basic_altar, serial_shops, shop,
          minmay_elf_sorcery, minivault_16, grunt_ministairs_15
Elf:2:    serial_shops, shop, serial_glass, glass_columns_a, glass_columns_c,
          glass_columns_b
Elf:3:    grunt_elf_hall_diamonds, serial_shops, shop, nicolae_shop_trees, shop,
          minmay_misc_feat_columns
Vaults:1: hangedman_vaults_pinch, hangedman_vaults_stretched_pinwheel,
          vaults_room_grunt_arrival_checkpoint, nicolae_vaults_little_ls,
          vaults_room_large_hall, vaults_mumra_hex, v_misc_3,
          nicolae_vaults_shelves_hall, nicolae_vaults_network_square,
          grunt_vaults_diagonal
Vaults:2: hangedman_vaults_unwind, kennysheep_vaults_gozag_temple,
          minmay_crypt_entry_skeletal_spiral, grunt_vaults_swirl,
          nicolae_vaults_diagonal_hallway_9, nicolae_vaults_theta, v_misc_3,
          dpeg_vaults_monster_box
Vaults:3: v_misc_8, nicolae_vaults_quartermaster, nicolae_vaults_puzzle_piece,
          ontoclasm_vaults_fault, vaults_dpeg_diagonal,
          nicolae_vaults_little_squares_1, vaults_dpeg_hooks,
          nicolae_vaults_shelves_hall, serial_shops, nicolae_shop_trees,
          uniq_xtahua
Vaults:4: st_lattice, vaults_room_door_hall, v_misc_2,
          nicolae_vaults_specimen_jars, v_misc_24, ontoclasm_vaults_chip,
          vaults_room_fancy_cross, hangedman_vaults_stitches, v_misc_29,
          v_misc_4, ontoclasm_vaults_shuriken, nicolae_vaults_circle_grid_a,
          nicolae_vaults_diagonal_hallway_8, vaults_room_pools,
          ontoclasm_vaults_pinch, vaults_dpeg_spiral
Depths:1: lemuel_round_altar, abyss_entry_flame_altar, hell_entry,
          kennysheep_generic_room_13, uniq_bai_suzhen, uniq_saint_roka

Skill      XL: |  1  2  3  4  5  6  7  8  9 10 11 12 13 14 15 16 17 18 19 20 21 22 23 |
---------------+----------------------------------------------------------------------+-----
Spellcasting   | 3 4 5 8 9 10 11 12 13 14 15 16 17 | 17.4
Conjurations   | 2 3 4 7 8 9 10 11 12 13 14 15 16 17 18 19 | 19.5
Fire Magic     | 4 5 8 9 10 11 12 14 15 17 | 17.7
Fighting       | 5 6 8 9 10 11 | 11.3
Dodging        | 7 8 9 10 11 12 | 12.2
Short Blades   | 3 5 |  5.8
Shields        | 2 3 4 5 6 |  6.0
Stealth        | 3 8 11 12 | 12.1
Evocations     | 5 9 10 | 10.7
Earth Magic    | 2 6 |  6.5
Summonings     | 2 6 7 |  7.5
Long Blades    | 3 5 6 7 |  7.8

Action                   |  1- 3 |  4- 6 |  7- 9 | 10-12 | 13-15 | 16-18 | 19-21 | 22-24 || total
-------------------------+-------+-------+-------+-------+-------+-------+-------+-------++-------
Melee: Dagger            |     5 |    33 |    13 |     1 |   179 |       |       |       ||   231
       Short sword       |    15 |    29 |    55 |    88 |    46 |       |       |       ||   233
       Staff             |       |       |       |     4 |       |       |       |       ||     4
       Scimitar          |       |       |       |       |   128 |   137 |   127 |    95 ||   487
       Rapier            |       |       |       |       |   101 |       |       |       ||   101
 Cast: Flame Tongue      |    47 |   135 |   197 |   168 |   164 |    60 |    13 |     3 ||   787
       Conjure Flame     |       |     2 |     2 |     9 |     3 |       |       |       ||    16
       Throw Flame       |       |     3 |     6 |    38 |    39 |       |       |       ||    86
       Sticky Flame      |       |       |     7 |    78 |   170 |    80 |    72 |    37 ||   444
       Repel Missiles    |       |       |     1 |     1 |     2 |     5 |     6 |     4 ||    19
       Fireball          |       |       |       |    25 |   202 |   376 |   343 |   197 ||  1143
       Iskenderun's Myst |       |       |       |     3 |       |       |       |       ||     3
       Iron Shot         |       |       |       |       |    13 |    45 |    57 |    46 ||   161
       Bolt of Magma     |       |       |       |       |     4 |    56 |    94 |    30 ||   184
       Spellforged Servi |       |       |       |       |       |    14 |    14 |     7 ||    35
       Delayed Fireball  |       |       |       |       |       |     4 |     1 |     1 ||     6
       Blink             |       |       |       |       |       |     5 |     1 |     1 ||     7
       Fire Storm        |       |       |       |       |       |       |       |     6 ||     6
 Abil: Evoke Invisibilit |       |       |       |       |     1 |       |       |       ||     1
       Release Delayed F |       |       |       |       |       |     3 |     1 |     1 ||     5
Evoke: Staff of energy   |       |       |       |     3 |       |       |       |       ||     3
       Wand              |       |       |       |     1 |     4 |     2 |       |       ||     7
       Box of beasts     |       |       |       |       |     1 |       |       |       ||     1
       Sack of spiders   |       |       |       |       |       |     1 |       |       ||     1
  Use: Scroll            |       |    11 |     8 |     6 |    14 |    12 |     8 |       ||    59
       Potion            |       |       |     2 |     1 |     4 |     4 |     4 |     4 ||    19
 Stab: Sleeping          |     6 |     4 |     1 |       |    13 |     6 |     7 |     1 ||    38
       Petrified         |       |       |       |       |     3 |       |       |       ||     3
       Distracted        |       |       |       |       |       |     2 |       |     2 ||     4
  Eat: Chunk             |    10 |    10 |    11 |    28 |    75 |    42 |    35 |    21 ||   232
Armor: Robe              |     6 |    40 |    33 |    37 |   100 |    52 |    39 |    14 ||   321
Dodge: Dodged            |    31 |    97 |    97 |   199 |   508 |   310 |   210 |   113 ||  1565
       Deflected         |       |       |     3 |     1 |     6 |    13 |    23 |    15 ||    61
Block: Buckler           |       |       |       |    14 |   178 |   121 |   119 |    50 ||   482
       Reflection        |       |       |       |       |     8 |       |       |       ||     8
       Rpst.: Scimitar   |       |       |       |     4 |    42 |    54 |    33 |    16 ||   149
